 Dungeon Crawl Stone Soup version 0.31-a0-538-gbc85326fa9 (webtiles) character file.

Game seed: 8348085562343976715

35897 MackTheKnife the Warrior (level 13, -12/117 HPs)
             Began as a Pale Draconian Shapeshifter on Aug 14, 2023.
             Was a High Priest of Hepliaklqana.
             Hit by a silver javelin thrown by a minotaur (19 damage)
             ... in a Gauntlet.
             The game lasted 00:27:48 (16469 turns).

MackTheKnife the Warrior (DrSh)                    Turns: 16469, Time: 00:27:48

Health: -12/117    AC: 12    Str: 17    XL:     13   Next: 50%
Magic:  13/13      EV: 15    Int: 10    God:    Hepliaklqana [*****.]
Gold:   945        SH:  0    Dex: 16    Spells: 12/12 levels left

rFire   . .          .
                       - Unarmed
rCold   . . .        (shield currently unavailable)
rNeg    + . .        (body armour unavailable)
rPois   .            D - +0 hat
rElec   .            g - +0 cloak
rCorr   .            f - +0 pair of gloves
SInv    .            p - +1 pair of boots
Will    .....        (no amulet)
Stlth   +            G - ring of positive energy
HPRegen 0.39/turn    o - ring of flight
MPRegen 0.13/turn

%: no teleportation
@: short of breath, flux-form, flying, hasted, glowing, very quick
A: glow, contaminating, reduced essence, breathe steam, AC +8, unfitting armour,
cold-blooded, steam resistance
a: Breathe Steam, Begin Untransformation, Renounce Religion, Recall Ancestor,
Ancestor Identity, Transference, Idealise


You were in a Gauntlet.
You worshipped Hepliaklqana.
Hepliaklqana was extremely pleased with you.
You were something dangerously unstable.
You visited 3 branches of the dungeon, and saw 14 of its levels.
You also visited: Sewer, Bailey and Gauntlet.

You collected 945 gold pieces.


Innate Abilities, Weirdness & Mutations

You are something dangerously unstable.
You glow with magical radiation, making you easy to see and hit.
Foes you strike become dangerously contaminated with magical radiation.
You are incapable of wielding weapons or throwing items.
Your life essence is reduced to manifest your ancestor. (-10% HP)
You can breathe blasts of scalding, opaque steam.
Your pale cyan-grey scales are hard. (AC +8)
You cannot fit into any form of body armour.
You are cold-blooded and may be slowed by cold attacks.
You are immune to the effects of steam.


   Skills:
 - Level 16.5 Fighting
 - Level 6.0 Dodging
 - Level 13.0 Unarmed Combat
 + Level 12.2 Shapeshifting


You had 12 spell levels left.
You didn't know any spells.
Your spell library contained the following spells:

 Spells                   Type           Power      Damage    Failure   Level
 Apportation              Tloc           0%         N/A       36%         1
 Kiss of Death            Conj/Necr      0%         2d5       36%         1
 Magic Dart               Conj           0%         1d3       36%         1
 Necrotise                Necr           0%         1d4       36%         1
 Summon Small Mammal      Summ           0%         N/A       36%         1
 Cigotuvi's Dreadful Rot  Necr/Pois/Air  0%         N/A       50%         2
 Searing Ray              Conj           0%         2d4       50%         2
 Confusing Touch          Hex            0%         N/A       75%         3
 Ignite Poison            Fire/Tmut/Pois 0%         N/A       75%         3
 Tukima's Dance           Hex            0%         N/A       75%         3
 Animate Dead             Necr           0%         N/A       98%         4
 Dispel Undead            Necr           0%         3d6       98%         4
 Fulminant Prism          Conj/Hex       0%         3d5       98%         4
 Passage of Golubria      Tloc           0%         N/A       98%         4
 Borgnjor's Vile Clutch   Necr/Erth      0%         N/A       100%        5
 Freezing Cloud           Conj/Ice/Air   0%         6-21      100%        5
 Yara's Violent Unravell  Hex/Tmut       0%         3d3       100%        5
 Death Channel            Necr           0%         N/A       100%        6

Inventory:

Hand Weapons
 e - a +3 heavy executioner's axe {axerare=g}
   (You found it in a bailey)
Missiles
 n - 9 poisoned darts (quivered) {throwing}
Armour
 f - a +0 pair of gloves (worn)
   (You found it on level 8 of the Dungeon)
 g - a +0 cloak (worn)
   (You found it on level 1 of the Dungeon)
 l - the +0 cloak of Light {rF- Regen+ Int+8 Dex-4}
   (You found it in a Gauntlet)

   Int+8:     It affects your intelligence (+8).
   Dex-4:     It affects your dexterity (-4).
   rF-:       It makes you vulnerable to fire.
   Regen+:    It increases your rate of health regeneration.
 p - a +1 pair of boots (worn)
   (You found it on level 9 of the Dungeon)
 D - a +0 hat (worn)
   (You found it on level 10 of the Dungeon)
 H - a scarf of repulsion
   (You found it in a Gauntlet)
Jewellery
 o - a ring of flight (right hand)
   (You found it on level 3 of the Dungeon)
 G - a ring of positive energy (left hand)
   (You found it on level 1 of the Lair of Beasts)
Talismans
 b - a beast talisman
 c - a flux talisman (active)
 w - a blade talisman
   (You found it on level 9 of the Dungeon)
 C - a storm talisman
   (You found it on level 9 of the Dungeon)
Wands
 q - a wand of charming (6)
   (You found it on level 7 of the Dungeon)
 u - a wand of mindburst (9)
   (You took it off Pikel on level 4 of the Dungeon)
 x - a wand of light (7)
   (You found it in a Gauntlet)
 E - a wand of digging (2)
   (You found it in a Gauntlet)
 F - a wand of flame (10)
   (You found it on level 10 of the Dungeon)
Scrolls
 d - 3 scrolls of teleportation {@r4}
 h - a scroll of blinking {!r}
 i - 2 scrolls of enchant armour {unknown}
 k - 5 scrolls of revelation
 m - 2 scrolls of fear
 t - a scroll of vulnerability {!r!r}
 v - a scroll of poison {!r}
 y - 4 scrolls of fog
Potions
 a - 7 potions of lignification {!q}
 j - 10 potions of curing {@q1}
 r - a potion of resistance
 s - 3 potions of might
 A - a potion of mutation {!q}
 B - 2 potions of magic {unknown}
 I - a potion of invisibility
Miscellaneous
 z - a condenser vane
   (You found it in a Gauntlet)

Dungeon Overview and Level Annotations

Branches:
Dungeon (10/15) Zot: 25681  Temple (1/1) D:5 Zot: 5918    Lair (3/5) D:9 Zot: 15062
  Swamp (0/4) Lair:3        Snake (0/4) Lair:2        Sewer (visited)
 Bailey (visited)         Gauntlet (1/1) Zot: 5184
    Orc: D:9-12

Altars:
Ashenzari
Cheibriados
Dithmenos
Elyvilon
Fedhas
Gozag
Hepliaklqana
Kikubaaqudgha
Makhleb
Nemelex Xobeh
Okawaru
Qazlal
Ru
Sif Muna
Trog
Uskayaw
Vehumet
Wu Jian
Xom
Yredelemnul
Zin
The Shining One

Shops:
D:7 (

Annotations:
D:9 exclusion: ice statue Gauntlet 4 transporters

##≈........H......≈##
#####.###.###H#####
###.###.###§###
#.............#
#.###.###.###.#
#.............#
#######'#######
###.## #.B..# #...⌠+
?'⌠...# ###..⌠.#
###+##


You could see a minotaur.


Message History

😎 HP[+57]
Your hp is fully restored (117).
Unknown command.
You swap places.
Key pressed, stopping explore.
You reach down and open the door.
A minotaur comes into view.
It is wielding a +1 scimitar of protection and quivering silver javelins.
The minotaur bellows!
The minotaur throws a silver javelin.
The silver javelin pierces through you!!
Found a potion of invisibility.
Found a gate leading back out of this place. 😮 HP[-32]
You take 32 damage, and now have 85/117 hp.
MASSIVE DAMAGE!! (PAUSE)
Press: ? - help, v - describe, . - travel
Here: a minotaur, wielding a +1 scimitar of protection, wearing a +0 chain mail and quivering silver javelins The floor.
Unknown command.
You reach down and close the door.
You become transparent, but the glow from your form prevents you from becoming completely invisible. 😮 HP[+1]
You reach down and open the door.
The minotaur throws a silver javelin.
The silver javelin pierces through you!!
* * * LOW HITPOINT WARNING * * *
x2 😨 HP[-35]
You take 35 damage, and now have 51/117 hp.
MASSIVE DAMAGE!! (PAUSE) Unknown command.
Press: ? - help, v - describe, . - travel
Here: a minotaur, wielding a +1 scimitar of protection, wearing a +0 chain mail and quivering silver javelins (ally target)
The floor.
Unknown command.
Unknown command.
Unknown command.
Press: ? - help, v - describe, . - travel
Here: a minotaur, wielding a +1 scimitar of protection, wearing a +0 chain mail and quivering silver javelins (ally target)
The floor.
Aiming: Breathe Steam (1% risk of failure)
Press: ? - help, Shift-Dir - straight line, f - minotaur
Aim: a minotaur, wielding a +1 scimitar of protection, wearing a +0 chain mail and quivering silver javelins (ally target, 84% to hit)
You exhale a blast of scalding steam.
Pitoresque avoids your attack.
The ball of steam hits the minotaur but does no damage.
The minotaur is engulfed in a cloud of scalding steam.
The minotaur hits Pitoresque with a +1 scimitar of protection!!
The minotaur gores Pitoresque!
Pitoresque gestures at the minotaur while chanting.
The puff of frost hits the minotaur but does no damage. 😨 HP[+1]
The minotaur throws a silver javelin.
The silver javelin barely misses Pitoresque.
The silver javelin closely misses you.
Pitoresque barely misses the minotaur.
Unknown command.
Okay, then.
The minotaur barely misses Pitoresque.
The minotaur gores Pitoresque.
Pitoresque casts a spell at the minotaur.
The stone arrow hits the minotaur! 😨 HP[+1]
The minotaur throws a silver javelin.
The silver javelin pierces through Pitoresque!!
Pitoresque is destroyed!
The silver javelin pierces through you!!
* * * LOW HITPOINT WARNING * * *
x2 😱 HP[-26]
You take 26 damage, and now have 27/117 hp.
MASSIVE DAMAGE!! (PAUSE) Unknown command. 😱 HP[+1]
Okay, then.
Okay, then. 😱 HP[+1]
You flicker for a moment. 😨 HP[+1] Unknown command. 😨 HP[+1]
Press: ? - help, v - describe, . - travel
Here: a minotaur, wielding a +1 scimitar of protection, wearing a +0 chain mail and quivering silver javelins (lightly wounded)
The floor.
You flicker back into view. 😨 HP[+1] Unknown command.
Unknown command.
You feel yourself speed up.
Blink to where?
Press: ? - help, Dir - move target, p - minotaur
As you read the scroll of blinking {!r}, it crumbles to dust. 😨 HP[+1]
x - a wand of light (7);
z - a condenser vane
E - a wand of digging (2)
i - 2 scrolls labelled VAASCH ESTUNOEPN (gained 1)
I - a potion of invisibility The minotaur throws a silver javelin.
The silver javelin pierces through you!!
* * * LOW HITPOINT WARNING * * *
x2 😱 HP[-26]
You take 26 damage, and now have 7/117 hp.
MASSIVE DAMAGE!! (PAUSE)
The minotaur throws a silver javelin.
The silver javelin pierces through you!!
You die...

Skill      XL: |  1  2  3  4  5  6  7  8  9 10 11 12 13 |
---------------+----------------------------------------+-----
Unarmed Combat | 4 6 7 9 10 13 | 13.0
Fighting       | 4 7 10 14 16 | 16.5
Dodging        | 3 6 |  6.0
Shapeshifting  | 10 12 | 12.2

Action                     |  1- 3 |  4- 6 |  7- 9 | 10-12 | 13-15 || total
---------------------------+-------+-------+-------+-------+-------++-------
  Melee: Unarmed           |   103 |   103 |   153 |   320 |   128 ||   807
         Tailslap          |    14 |    11 |    28 |    60 |    31 ||   144
         Punch             |     3 |     8 |     6 |    12 |       ||    29
  Throw: Dart              |       |    11 |    13 |       |       ||    24
 Invoke: Ancestor Identity |       |       |     2 |       |       ||     2
         Recall Ancestor   |       |       |       |     1 |     1 ||     2
         Ancestor Life: Ba |       |       |       |     1 |       ||     1
Ability: Breathe Steam     |       |       |    24 |    31 |     9 ||    64
  Evoke: Wand              |       |       |       |     7 |     9 ||    16
    Use: Scroll            |     1 |     9 |     2 |    12 |     5 ||    29
         Potion            |       |       |     2 |     2 |     6 ||    10
   Stab: Sleeping          |     5 |     2 |       |     1 |       ||     8
         Distracted        |       |       |       |     6 |     3 ||     9
         Invisible         |       |       |       |     1 |       ||     1
 Armour: Skin              |    22 |    19 |    43 |    80 |    42 ||   206
  Dodge: Dodged            |    65 |    52 |    90 |   283 |    99 ||   589
   Form: Flux              |       |       |       |     1 |       ||     1

Levels and vault maps discovered:
D:1:      dpeg_chamrin_arrival_tetris, layout_basic
D:2:      layout_basic, kennysheep_donut
D:3:      layout_loops_corners, jmf_multi_god_temple, gup_sewer_entry_bowl
D:4:      layout_basic, fiery_altar_vehumet
D:5:      layout_rooms, gammafunk_temple_overflow_pools,
          minmay_temple_entry_gardened_gates, uniq_grinder, uniq_edmund,
          uniq_pikel
D:6:      minmay_clustersquares, layout_loops_ring, uniq_sigmund
D:7:      layout_basic, nemelex_xobeh_ov_fountains_minmay, serial_shops, shop
D:8:      layout_layer_cave, enter_bailey_5, uniq_erica, uniq_psyche,
          uniq_amaemon
D:9:      layout_basic, mainiacjoe_overflow_tiny_flanked,
          mainiacjoe_overflow_chevrons, dpeg_lair_monsters, minivault_16,
          minmay_misc_feat_chi, nicolae_zen_rock_garden
D:10:     layout_loops_cross, mainiacjoe_overflow_24_doors, serial_bayou,
          serial_bayou_pond_e, serial_bayou_lake_a, serial_bayou_pond_c,
          serial_bayou_ford_a, serial_bayou_crossing, serial_bayou_pond_e
Temple:   nicolae_temple_ecumenical_triangle
Lair:1:   layout_cellular_growth, serial_bayou_shore_b, lemuel_fruit_tree,
          lemuel_fruit_fields
Lair:2:   nzn_winding_woodlands_medium [nzn_winding_woodlands_5x5_checkerboard,
          nzn_winding_woodlands_5x15_twine, nzn_winding_woodlands_5x5_cross,
          nzn_winding_woodlands_5x5_open_star,
          nzn_winding_woodlands_center_diamonds,
          nzn_winding_woodlands_5x5_closed_star,
          nzn_winding_woodlands_hourglass, nzn_winding_woodlands_5x15_eye,
          nzn_winding_woodlands_5x5_perimeter], layout_gridlike,
          minmay_snake_entry_guardpost_small, infiniplex_staircase_pool
Lair:3:   layout_gridlike, nicolae_swamp_entry_spooky, special_room
          [special_room_bee], gauntlet_entry_generic
Gauntlet: gammafunk_gauntlet_77_escape_option
          [minmay_gauntlet_arena_77_tiled_triplets,
          minmay_gauntlet_arena_77_box, minmay_gauntlet_arena_77_two_paths,
          minmay_gauntlet_arena_77_mirror,
          minmay_gauntlet_arena_77_double_cross, gauntlet_exit_hidden_loot]

Notes
Turn   | Place    | Note
-------+----------+-------------------------------------------
     0 | D:1      | MackTheKnife the Draconian Shapeshifter began the quest for
                  | the Orb.
     0 | D:1      | Reached XP level 1. HP: 16/16 MP: 1/1
     0 | D:1      | magus.rc [v1.9.6]
   209 | D:1      | Reached XP level 2. HP: 23/23 MP: 2/2
   480 | D:1      | Reached skill level 4 in Unarmed Combat
   752 | D:2      | Reached XP level 3. HP: 27/28 MP: 3/3
  1644 | D:3      | Found a hide-covered altar of Uskayaw.
  1645 | D:3      | Found a broken altar of Ashenzari.
  1861 | D:3      | Reached XP level 4. HP: 30/35 MP: 4/4
  1869 | D:3      | Found a glowing drain.
  1873 | Sewer    | Entered a sewer
  1895 | Sewer    | Reached skill level 5 in Unarmed Combat
  2435 | D:3      | You add the spells Cigotuvi's Dreadful Rot, Ignite Poison
                  | and Freezing Cloud to your library.
  2828 | D:4      | HP: 6/35 [orc wizard/puff of flame (12)]
  2972 | D:4      | Noticed an ogre
  2980 | D:4      | HP: 7/35 [ogre/+0 giant club (20)]
  2981 | D:4      | Killed an ogre
  2982 | D:4      | Reached skill level 6 in Unarmed Combat
  2982 | D:4      | Reached XP level 5. HP: 8/40 MP: 5/5
  2982 | D:4      | HP: 3/40 [acid (5)]
  3157 | D:4      | Found a radiant altar of Vehumet.
  3271 | D:4      | Reached XP level 6. HP: 39/47 MP: 6/6
  3655 | D:5      | Entered Level 5 of the Dungeon
  3665 | D:5      | Reached skill level 2 in Fighting
  3665 | D:5      | Reached skill level 7 in Unarmed Combat
  3730 | D:5      | Reached skill level 3 in Fighting
  3743 | D:5      | Reached skill level 4 in Fighting
  3743 | D:5      | Your scales start taking on a pale cyan-grey colour.
  3743 | D:5      | Reached XP level 7. HP: 40/59 MP: 7/7
  3743 | D:5      | Gained mutation: You are immune to the effects of steam.
                  | [Pale Draconian growth]
  3751 | D:5      | Found a staircase to the Ecumenical Temple.
  3762 | Temple   | Entered the Ecumenical Temple
  3830 | Temple   | Became a worshipper of Hepliaklqana the Forgotten
  3876 | D:5      | You pick up a book of Conjurations {@e2} and begin
                  | reading...
  3876 | D:5      | You add the spells Magic Dart, Searing Ray and Fulminant
                  | Prism to your library.
  3899 | D:5      | Noticed Edmund
  3916 | D:5      | Reached skill level 5 in Fighting
  4111 | D:5      | Noticed Grinder
  4120 | D:5      | Killed Grinder
  4121 | D:5      | Reached skill level 6 in Fighting
  4167 | D:5      | Reached skill level 7 in Fighting
  4167 | D:5      | Reached skill level 2 in Dodging
  4296 | D:5      | Killed Edmund
  4297 | D:5      | Reached skill level 3 in Dodging
  4297 | D:5      | Reached XP level 8. HP: 23/73 MP: 8/8
  4297 | D:5      | HP: 18/73 [poisoned by Edmund]
  4302 | D:5      | HP: 8/73 [poisoned by Edmund]
  4307 | D:5      | HP: 5/73 [poisoned by Edmund]
  4605 | D:5      | You add the spells Tukima's Dance, Passage of Golubria and
                  | Yara's Violent Unravelling to your library.
  4707 | D:5      | Noticed Pikel
  4721 | D:4      | Killed Pikel
  4722 | D:4      | Reached skill level 5 in Dodging
  4936 | D:5      | Found a bloodstained altar of Trog.
  4936 | D:5      | Found a shimmering altar of Xom.
  5036 | D:6      | Reached skill level 6 in Dodging
  5142 | D:6      | Noticed a manticore
  5243 | D:6      | Reached XP level 9. HP: 79/80 MP: 9/9
  5319 | D:6      | Reached skill level 8 in Fighting
  5327 | D:6      | Killed a manticore
  5328 | D:6      | Reached skill level 8 in Unarmed Combat
  5429 | D:6      | You pick up a book of Touch and begin reading...
  5429 | D:6      | You add the spells Kiss of Death, Confusing Touch and
                  | Dispel Undead to your library.
  5542 | D:6      | Noticed Sigmund
  5546 | D:6      | Killed Sigmund
  5547 | D:6      | Reached skill level 9 in Fighting
  5643 | D:6      | Reached skill level 9 in Unarmed Combat
  5667 | D:6      | Reached * piety under Hepliaklqana
  6135 | D:7      | Found Seuph's Antique Weapon Boutique.
  6177 | D:7      | Reached skill level 10 in Fighting
  6270 | D:7      | Reached XP level 10. HP: 83/83 MP: 10/10
  6281 | D:7      | Reached skill level 10 in Unarmed Combat
  6490 | D:7      | You pick up a book of Unlife and begin reading...
  6490 | D:7      | You add the spells Animate Dead, Borgnjor's Vile Clutch and
                  | Death Channel to your library.
  6581 | D:7      | Reached ** piety under Hepliaklqana
  6582 | D:7      | Remembered your ancestor Pitoresque as a battlemage
  6693 | D:7      | Found a sparkling altar of Nemelex Xobeh.
  6818 | D:7      | Reached skill level 4 in Shapeshifting
  6982 | D:8      | Found a flagged portal.
  7001 | Bailey   | Entered a bailey
  7193 | Bailey   | Reached skill level 5 in Shapeshifting
  7704 | Bailey   | Reached skill level 6 in Shapeshifting
  7971 | Bailey   | e - a +3 heavy executioner's axe {axerare=g}
  7974 | Bailey   | Reached skill level 10 in Shapeshifting
  7974 | Bailey   | Reached XP level 11. HP: 89/89 MP: 11/11
  8130 | D:8      | Noticed Erica
  8138 | D:8      | Killed Erica
  8139 | D:8      | Reached skill level 11 in Fighting
  8485 | D:8      | Noticed Amaemon
  8509 | D:8      | Killed Amaemon
  8510 | D:8      | Reached skill level 12 in Fighting
  8515 | D:8      | HP: 22/94 [poisoned by Amaemon]
  8520 | D:8      | HP: 18/94 [poisoned by Amaemon]
  8868 | D:8      | Reached *** piety under Hepliaklqana
  9063 | D:8      | Noticed Psyche
  9071 | D:8      | Killed Psyche
  9508 | D:9      | Found a staircase to the Lair.
  9508 | D:9      | Noticed a death yak
  9509 | D:9      | Noticed a death yak
  9518 | D:9      | Killed a death yak
  9519 | D:9      | Reached skill level 13 in Fighting
  9524 | D:9      | Killed a death yak
  9525 | D:9      | Reached skill level 14 in Fighting
  9525 | D:9      | Reached XP level 12. HP: 44/105 MP: 12/12
  9689 | D:9      | Noticed a death yak
  9689 | D:9      | Noticed a death yak
  9689 | D:9      | Noticed a death yak
  9694 | D:9      | Noticed a death yak
  9888 | D:9      | Found a blossoming altar of Fedhas.
 10074 | D:9      | Killed a death yak
 10086 | D:9      | Killed a death yak
 10087 | D:9      | Reached skill level 15 in Fighting
 10092 | D:9      | HP: 26/108 [ice statue/bolt of cold (23)]
 10705 | D:9      | Found a glowing silver altar of Zin.
 11346 | D:10     | Entered Level 10 of the Dungeon
 11574 | D:10     | Reached skill level 16 in Fighting
 12108 | D:10     | Found an ancient bone altar of Kikubaaqudgha.
 12626 | D:10     | magus.rc [v1.9.6]
 12669 | Lair:1   | Entered Level 1 of the Lair of Beasts
 12687 | Lair:1   | Reached **** piety under Hepliaklqana
 12852 | Lair:1   | Reached skill level 11 in Unarmed Combat
 13600 | Lair:2   | Noticed a seven-headed hydra
 13607 | Lair:2   | Killed a seven-headed hydra
 13919 | Lair:2   | Reached skill level 12 in Unarmed Combat
 14167 | Lair:2   | Noticed a six-headed hydra
 14179 | Lair:2   | Killed a six-headed hydra
 14370 | Lair:2   | Reached skill level 13 in Unarmed Combat
 14375 | Lair:2   | Found a staircase to the Snake Pit.
 14380 | Lair:2   | Reached XP level 13. HP: 32/117 MP: 13/13
 14384 | Lair:2   | HP: 29/117 [poisoned by a naga (splash of poison)]
 14747 | Lair:2   | You pick up a book of Cantrips and begin reading...
 14747 | Lair:2   | You add the spells Necrotise, Summon Small Mammal and
                  | Apportation to your library.
 15043 | Lair:2   | Reached ***** piety under Hepliaklqana
 15088 | Lair:2   | Reached skill level 11 in Shapeshifting
 15630 | Lair:3   | Found a gate leading to a gauntlet.
 15653 | Gauntlet | Entered a Gauntlet
 15653 | Gauntlet | Found a transporter.
 15681 | Gauntlet | Found a transporter.
 15686 | Gauntlet | Found a transporter.
 15697 | Gauntlet | Found a transporter.
 15698 | Gauntlet | Found a transporter.
 15706 | Gauntlet | Found a transporter.
 15710 | Gauntlet | Found a transporter.
 15718 | Gauntlet | Found a transporter.
 15723 | Gauntlet | Found a transporter.
 15734 | Gauntlet | Found a transporter.
 15766 | Gauntlet | Found a transporter.
 15778 | Gauntlet | Found a transporter.
 15791 | Gauntlet | Found a transporter.
 15803 | Gauntlet | Found a transporter.
 15914 | Gauntlet | Reached skill level 12 in Shapeshifting
 16217 | Gauntlet | HP: 28/117 [fire crab (8)]
 16217 | Gauntlet | HP: 10/117 [fire crab (5)]
 16223 | Gauntlet | Identified the +0 cloak of Light {rF- Regen+ Int+8 Dex-4}
 16443 | Gauntlet | Noticed a minotaur
 16451 | Gauntlet | HP: 27/117 [minotaur/silver javelin (4)]
 16468 | Gauntlet | HP: 11/117 [minotaur/silver javelin (22)]
 16469 | Gauntlet | Hit by a silver javelin thrown by a minotaur

Vanquished Creatures
  2 hydras (Lair:2)
  A tengu warrior (Gauntlet)
  3 death yaks (D:9)
  Amaemon (D:8)
  A fire crab (Gauntlet)
  A sixfirhy (Gauntlet)
  Pikel (D:4)
  A manticore (D:6)
  2 black mambas (Lair:2)
  4 cane toads
  An apocalypse crab (Gauntlet)
  An orange demon (D:8)
  6 komodo dragons (Lair:2)
  A tengu conjurer (Gauntlet)
  A hornet (D:10)
  9 blink frogs
  Grinder (D:5)
  A shadow (D:9)
  Sigmund (D:6)
  4 wyverns
  16 yaks
  A fire bat (Gauntlet)
  A basilisk (Lair:2)
  A chaos spawn (Gauntlet)
  A neqoxec (Gauntlet)
  Edmund (D:5)
  4 nagas (Lair:2)
  A hell hound (Gauntlet)
  4 acid dragons
  2 water moccasins
  4 ice beasts
  A sky beast (D:6)
  5 orc warriors
  3 black bears
  5 ogres
  2 wolves (Lair:2)
  10 centaurs
  3 lemures (D:5)
  2 kobold brigands
  2 phantoms (D:6)
  9 bullfrogs
  2 scorpions
  A gnoll sergeant (D:7)
  7 wights
  2 howler monkeys
  4 electric eels (D:10)
  3 sleepcaps
  4 hounds
  2 gnoll boudas
  3 jellies
  6 iguanas
  2 orc wizards
  4 adders
  13 gnolls
  A shadow imp (D:6)
  A white imp (D:6)
  An ufetubus (Gauntlet)
  3 worms
  2 dart slugs
  27 orcs
  19 ball pythons
  6 endoplasms
  3 giant cockroaches
  7 goblins
  5 hobgoblins
  4 jackals (D:4)
  6 quokkas
  8 bats
  7 frilled lizards
  8 kobolds
  12 rats
294 creatures vanquished.

Vanquished Creatures (collateral kills)
  Erica (D:8)
  A death yak (D:9)
  A skyshark (Lair:2)
  3 cane toads
  Psyche (D:8)
  4 blink frogs
  A fire bat (Gauntlet)
  8 yaks
  A basilisk (Lair:1)
  7 water moccasins
  A hell hound (Gauntlet)
  5 orc warriors (Bailey)
  A sky beast (D:7)
  2 black bears (Lair:2)
  4 centaurs (Bailey)
  4 bullfrogs
  3 wights
  An orc priest (D:7)
  5 orc wizards (D:9)
  3 gnolls
  A shadow imp (D:8)
  An ufetubus (Gauntlet)
  11 orcs
  2 goblins (D:8)
  A kobold (D:9)
  A butterfly (Lair:1)
74 creatures vanquished.

Vanquished Creatures (others)
  A hell hound (Gauntlet)
  A gnoll sergeant (D:10)
  7 battlemagi
  An orc (D:9)
10 creatures vanquished.

Grand Total: 378 creatures vanquished

Table legend:
 A = Non-vault XP
 B = Vault XP
 C = Vault XP percentage of total XP
 D = Non-vault monster count
 E = Vault monster count
 F = Vault count percentage of total count
                 A         B        C        D         E       F
            +---------+---------+-------+---------+---------+-------
      Total |   22866 |   19809 |  46.4 |     247 |     118 |  32.3
            +---------+---------+-------+---------+---------+-------
        D:1 |      31 |       0 |   0.0 |      21 |       0 |   0.0
        D:2 |      37 |       0 |   0.0 |      18 |       0 |   0.0
        D:3 |      35 |      13 |  27.1 |      12 |       5 |  29.4
        D:4 |     290 |     651 |  69.2 |      25 |       1 |   3.8
        D:5 |     715 |     443 |  38.3 |      18 |       2 |  10.0
        D:6 |     873 |    1622 |  65.0 |      16 |      16 |  50.0
        D:7 |    1677 |       0 |   0.0 |      29 |       0 |   0.0
        D:8 |     378 |    2436 |  86.6 |       6 |       8 |  57.1
        D:9 |    1601 |    3242 |  66.9 |      23 |       4 |  14.8
       D:10 |    2563 |       0 |   0.0 |      21 |       0 |   0.0
     Lair:1 |    3142 |       0 |   0.0 |      15 |       0 |   0.0
     Lair:2 |    8244 |    4706 |  36.3 |      27 |      18 |  40.0
     Lair:3 |    3280 |       0 |   0.0 |      16 |       0 |   0.0
      Sewer |       0 |      16 | 100.0 |       0 |      13 | 100.0
     Bailey |       0 |    2517 | 100.0 |       0 |      38 | 100.0
   Gauntlet |       0 |    4163 | 100.0 |       0 |      13 | 100.0
            +---------+---------+-------+---------+---------+-------

Skill      XL: |  1  2  3  4  5  6  7  8  9 10 11 12 13 |
---------------+----------------------------------------+-----
Unarmed Combat | 4 6 7 9 10 13 | 13.0
Fighting       | 4 7 10 14 16 | 16.5
Dodging        | 3 6 |  6.0
Shapeshifting  | 10 12 | 12.2

Action                     |  1- 3 |  4- 6 |  7- 9 | 10-12 | 13-15 || total
---------------------------+-------+-------+-------+-------+-------++-------
  Melee: Unarmed           |   103 |   103 |   153 |   320 |   128 ||   807
         Tailslap          |    14 |    11 |    28 |    60 |    31 ||   144
         Punch             |     3 |     8 |     6 |    12 |       ||    29
  Throw: Dart              |       |    11 |    13 |       |       ||    24
 Invoke: Ancestor Identity |       |       |     2 |       |       ||     2
         Recall Ancestor   |       |       |       |     1 |     1 ||     2
         Ancestor Life: Ba |       |       |       |     1 |       ||     1
Ability: Breathe Steam     |       |       |    24 |    31 |     9 ||    64
  Evoke: Wand              |       |       |       |     7 |     9 ||    16
    Use: Scroll            |     1 |     9 |     2 |    12 |     5 ||    29
         Potion            |       |       |     2 |     2 |     6 ||    10
   Stab: Sleeping          |     5 |     2 |       |     1 |       ||     8
         Distracted        |       |       |       |     6 |     3 ||     9
         Invisible         |       |       |       |     1 |       ||     1
 Armour: Skin              |    22 |    19 |    43 |    80 |    42 ||   206
  Dodge: Dodged            |    65 |    52 |    90 |   283 |    99 ||   589
   Form: Flux              |       |       |       |     1 |       ||     1

Illustrated notes

Table legend:
 A = Kills in this place as a percentage of kills in the entire game.
 B = Kills by you in this place as a percentage of kills by you in the entire game.
 C = Kills by friends in this place as a percentage of kills by friends in the entire game.
 D = Other kills in this place as a percentage of other kills in the entire game.
 E = Experience gained in this place as a percentage of experience gained in the entire game.
 F = Experience gained in this place divided by the number of levels of this place that you have seen.
                   A       B       C       D       E      F
               +-------+-------+-------+-------+-------+----------------------
         Total | 100.0 | 100.0 | 100.0 | 100.0 | 100.0 | 2510.3
       Dungeon |  61.6 |  67.7 |  37.0 | 100.0 |  38.9 | 1660.7
          Lair |  20.8 |  17.9 |  32.9 |   0.0 |  45.4 | 6457.3
         Sewer |   3.6 |   4.5 |   0.0 |   0.0 |   0.0 |  16.0
        Bailey |  10.4 |   6.5 |  26.0 |   0.0 |   5.9 | 2517.0
      Gauntlet |   3.6 |   3.4 |   4.1 |   0.0 |   9.8 | 4163.0
               +-------+-------+-------+-------+-------+----------------------

Table legend: (Time is in decaauts)
 A = Elapsed time spent in this place.
 B = Non-inter-level travel time spent in this place.
 C = Inter-level travel time spent in this place.
 D = Time resting spent in this place.
 E = Time spent auto-exploring this place.
 F = Levels seen in this place.
 G = Mean time per level.
                   A        B        C        D        E       F      G
               +--------+--------+--------+--------+--------+-----+--------+
         Total |  16408 |  15639 |    769 |   3443 |   9672 |  17 |  965.2 |
       Dungeon |  11144 |  10460 |    684 |   1877 |   7044 |  10 | 1114.4 |
        Temple |     81 |     69 |     12 |     44 |      0 |   1 |   81.0 |
          Lair |   2937 |   2864 |     73 |    532 |   1950 |   3 |  979.0 |
         Sewer |    356 |    356 |      0 |      0 |    251 |   1 |  356.0 |
        Bailey |   1073 |   1073 |      0 |    534 |    232 |   1 | 1073.0 |
      Gauntlet |    815 |    815 |      0 |    456 |    194 |   1 |  815.0 |
               +--------+--------+--------+--------+--------+-----+--------+

Top non-repeatable levels by time:
     D:8: 1841 daAuts
  Lair:2: 1737 daAuts
    D:10: 1297 daAuts
     D:9: 1278 daAuts
     D:5: 1173 daAuts
     D:4: 1106 daAuts
  Lair:1: 1103 daAuts
  Bailey: 1073 daAuts
     D:6: 1025 daAuts
     D:2: 964 daAuts
     D:3: 920 daAuts
     D:7: 919 daAuts
Gauntlet: 815 daAuts
     D:1: 618 daAuts
   Sewer: 356 daAuts
